 Dungeon Crawl Stone Soup version 0.31.0-1-g2c135a0 (webtiles) character file.

Game seed: 915067996050891394

1189 HellaBrad the Cleaver (level 8, -24/71 HPs)
             Began as a Hill Orc Monk on Feb 17, 2024.
             Was a Follower of Uskayaw.
             Annihilated by zhionzacheriah's ghost (27 damage)
             ... on level 6 of the Dungeon.
             The game lasted 00:31:01 (4210 turns).

HellaBrad the Cleaver (Hill Orc Monk)               Turns: 4210, Time: 00:31:01

Health: -24/71     AC: 10    Str: 16    XL:     8   Next: 43%
Magic:  8/8        EV: 13    Int: 14    God:    Uskayaw [*.....]
Gold:   306        SH:  0    Dex: 13    Spells: 7/7 levels left

rFire   . . .        D - +1 war axe "Qaxios" {pain, Int+4}
rCold   . . .        d - orb {light}
rNeg    . . .        F - +1 robe {Will+}
rPois   .            v - +1 helmet
rElec   .            G - scarf {harm}
rCorr   .            r - +0 pair of gloves
SInv    +            (no boots)
Will    +....        h - amulet of regeneration
Stlth   +            l - ring of see invisible
HPRegen 1.11/turn    u - +4 ring of protection
MPRegen 0.11/turn

%: harm (+30% outgoing, +20% incoming)
@: glowing
A: no striking features
a: Renounce Religion, Stomp


You were on level 6 of the Dungeon.
You worshipped Uskayaw.
Uskayaw was noncommittal.
You visited 2 branches of the dungeon, and saw 7 of its levels.

You collected 306 gold pieces.

Inventory:

Hand Weapons
 b - a +0 orcbow
 q - the +0 rapier "Focriracra" {spect, rPois rC+ Int-5 SInv}
   (You found it on level 6 of the Dungeon)

   Int-5:     It affects your intelligence (-5).
   rC+:       It protects you from cold.
   rPois:     It protects you from poison SInv: It lets you see invisible.
 A - a +0 trident
 D - the +1 war axe "Qaxios" (weapon) {pain, Int+4}
   (You found it on level 5 of the Dungeon)

   Int+4:     It affects your intelligence (+4).
Missiles
 f - 18 poisoned darts (quivered)
Armour
 d - an orb of light (worn)
 p - a +0 cloak
 r - a +0 pair of gloves (worn)
 v - a +1 helmet (worn)
 F - a +1 robe of willpower (worn)
 G - a scarf of harm (worn)
Magical Staves
 y - a staff of death
Jewellery
 h - an amulet of regeneration (around neck)
 l - a ring of see invisible (left hand)
 u - a +4 ring of protection (right hand)
 C - a ring of wizardry
Wands
 B - a wand of flame (17)
 E - a wand of acid (3)
Scrolls
 a - 2 scrolls of blinking {unknown}
 e - a scroll of enchant weapon {unknown}
 k - a scroll of torment {unknown}
 m - 2 scrolls of vulnerability {unknown}
 o - 6 scrolls of identify {unknown}
 t - 4 scrolls of fog {unknown}
 w - 2 scrolls of noise {unknown}
 x - a scroll of brand weapon {unknown}
 z - a scroll of revelation {unknown}
Potions
 c - 2 potions of ambrosia
 g - 4 potions of heal wounds {unknown}
 i - 4 potions of degeneration {unknown}
 j - a potion of might {unknown}
 n - 2 potions of resistance {unknown}
 s - a potion of curing {unknown}


   Skills:
 + Level 6.5 Fighting
 + Level 10.4 Axes
 + Level 3.9 Dodging
 + Level 1.9 Stealth


You had 7 spell levels left.
You didn't know any spells.
Your spell library contained the following spells:

 Spells                   Type           Power      Damage    Failure   Level
 Magic Dart               Conj           0%         1d3       28%         1
 Slow                     Hex            0%         N/A       28%         1
 Cigotuvi's Dreadful Rot  Necr/Alch/Air  0%         N/A       41%         2
 Searing Ray              Conj           0%         2d4       41%         2
 Confusing Touch          Hex            0%         N/A       65%         3
 Dazzling Flash           Conj/Hex       0%         N/A       65%         3
 Sigil of Binding         Hex            0%         N/A       65%         3
 Vampiric Draining        Necr           0%         2d6       65%         3
 Volatile Blastmotes      Fire/Tloc      0%         2d10      65%         3
 Anguish                  Hex/Necr       0%         N/A       96%         4
 Cause Fear               Hex            0%         N/A       96%         4
 Dimensional Bullseye     Hex/Tloc       0%         N/A       96%         4
 Fulminant Prism          Conj/Alch      0%         3d5       96%         4
 Ignite Poison            Fire/Alch      0%         N/A       96%         4
 Freezing Cloud           Conj/Ice/Air   0%         6-21      100%        5
 Starburst                Conj/Fire      0%         6d3       100%        6
 Enfeeble                 Hex            0%         N/A       100%        7
 Maxwell's Capacitive Co  Air            0%         ∞         100%        8


Dungeon Overview and Level Annotations

Branches:
Dungeon (6/15)             Temple (1/1) D:4

Altars:
Ashenzari
Cheibriados
Dithmenos
Elyvilon
Fedhas
Gozag
Hepliaklqana
Makhleb
Okawaru
Qazlal
Ru
Sif Muna
Uskayaw
The Shining One

Annotations:
D:6 zhionzacheriah's ghost, novice TrBe


Message History

Zhionzacheriah's ghost hits you but does no damage.
You slash zhionzacheriah's ghost!
Zhionzacheriah's ghost is lightly damaged.
Zhionzacheriah's ghost screams in joy, "As in life, so in death: Kill!
Kill!!
Kill!!!"
Zhionzacheriah's ghost hits you!
You hit zhionzacheriah's ghost.
Zhionzacheriah's ghost is moderately damaged.
Zhionzacheriah's ghost barely misses you.
You barely miss zhionzacheriah's ghost.
Zhionzacheriah's ghost is moderately damaged.
Zhionzacheriah's ghost closely misses you.
You hit zhionzacheriah's ghost but do no damage.
Zhionzacheriah's ghost is moderately damaged.
Zhionzacheriah's ghost hits you!
* * * LOW HITPOINT WARNING * * *
You hit zhionzacheriah's ghost but do no damage.
Zhionzacheriah's ghost is moderately damaged.
Zhionzacheriah's ghost hits you.
* * * LOW HITPOINT WARNING * * *
You barely miss zhionzacheriah's ghost.
Zhionzacheriah's ghost is moderately damaged.
Zhionzacheriah's ghost hits you but does no damage.
You hit zhionzacheriah's ghost.
Zhionzacheriah's ghost is moderately damaged.
Zhionzacheriah's ghost hits you.
* * * LOW HITPOINT WARNING * * *
You hit zhionzacheriah's ghost but do no damage.
Zhionzacheriah's ghost is moderately damaged.
Zhionzacheriah's ghost closely misses you.
You hit zhionzacheriah's ghost.
Zhionzacheriah's ghost is moderately damaged.
Zhionzacheriah's ghost barely misses you.
You hit zhionzacheriah's ghost but do no damage.
Zhionzacheriah's ghost is moderately damaged.
Zhionzacheriah's ghost hits you!
* * * LOW HITPOINT WARNING * * *
You hit zhionzacheriah's ghost but do no damage.
Zhionzacheriah's ghost is moderately damaged.
Zhionzacheriah's ghost hits you!!
You die...

.#.###.#.##.###############.####
[#.# #.#.##.# ..# #.# .#.#
#.#.##.# #.# #.# .#.# #.##.# #.#
#.# .#.# #.##########.# #.#
##.### #.#.(..(#..#.#######.#
.....# ###.(...#............#
##.#.# #...(.'..#.#########
##.#.# #♣....W@...# ...#.#
#..8..'..#.# ####.# #(...(#..#.#
#.# #.....#..#.# ####.#
########.#.# .....# # #.#.#
..<######.# #?# ..........# .#
..............#


You could see zhionzacheriah's ghost.

Vanquished Creatures
  A water moccasin (D:5)
  A black bear (D:6)
  3 phantoms
  A centaur (D:5)
  A kobold brigand (D:5)
  2 scorpions
  2 hounds (D:6)
  4 bombardier beetles
  A gnoll bouda (D:5)
  An iguana (D:4)
  2 orc wizards
  6 adders
  A shadow imp (D:6)
  A white imp (D:5)
  4 ufetubi (D:5)
  2 ribbon worms (D:2)
  4 dart slugs
  10 orcs
  13 endoplasms
  2 giant cockroaches (D:2)
  5 goblins
  9 hobgoblins
  2 jackals (D:3)
  A quokka (D:5)
  7 ball pythons
  3 bats
  4 frilled lizards
  13 kobolds
  6 rats
  A butterfly (D:4)
113 creatures vanquished.

Notes
Turn   | Place    | Note
-------+----------+-------------------------------------------
     0 | D:1      | HellaBrad the Hill Orc Monk began the quest for the Orb.
     0 | D:1      | Reached XP level 1. HP: 19/19 MP: 1/1
   191 | D:1      | Reached XP level 2. HP: 26/27 MP: 2/2
   851 | D:2      | Reached XP level 3. HP: 31/33 MP: 3/3
   955 | D:2      | Reached skill level 5 in Axes
   981 | D:2      | Reached XP level 4. HP: 41/41 MP: 4/4
  1918 | D:4      | Reached skill level 6 in Axes
  1918 | D:4      | Reached XP level 5. HP: 45/47 MP: 5/5
  2571 | D:4      | Reached skill level 5 in Fighting
  2571 | D:4      | Reached skill level 7 in Axes
  2571 | D:4      | Reached XP level 6. HP: 56/56 MP: 6/6
  2601 | D:4      | Found a staircase to the Ecumenical Temple.
  2631 | Temple   | Entered the Ecumenical Temple
  2807 | Temple   | Became a worshipper of Uskayaw the Reveller
  2807 | Temple   | Reached * piety under Uskayaw
  3036 | D:5      | Entered Level 5 of the Dungeon
  3086 | D:5      | Reached ** piety under Uskayaw
  3089 | D:5      | Reached *** piety under Uskayaw
  3092 | D:5      | Reached **** piety under Uskayaw
  3158 | D:5      | Reached skill level 8 in Axes
  3158 | D:5      | Reached skill level 1 in Stealth
  3158 | D:5      | Reached XP level 7. HP: 54/61 MP: 2/7
  3162 | D:5      | Identified the +1 war axe "Qaxios" {pain, Int+4}
  3186 | D:5      | Got the Collected Works on Misfortune
  3347 | D:5      | Reached skill level 9 in Axes
  3592 | D:5      | Reached XP level 8. HP: 44/70 MP: 8/8
  3700 | D:6      | Identified the +0 rapier "Focriracra" {spect, rPois rC+
                  | Int-5 SInv}
  3802 | D:6      | Reached skill level 10 in Axes
  4182 | D:6      | Found a runed translucent gate.
  4183 | D:6      | Found a runed translucent gate.
  4183 | D:6      | Noticed zhionzacheriah's ghost (novice TrBe)
  4184 | D:6      | Found a runed translucent gate.
  4209 | D:6      | HP: 2/71 [zhionzacheriah's ghost (12)]
  4210 | D:6      | Annihilated by zhionzacheriah's ghost

Illustrated notes

Levels and vault maps discovered:
D:1:      spicycebolla_arrival_risky_transporter, layout_basic,
          serial_park_tiny_1
D:2:      layout_rooms, minmay_small_reverse_x
D:3:      layout_basic
D:4:      layout_cave_pods, minmay_temple_entry_butterflies
D:5:      minmay_angry_zag, layout_rooms
D:6:      layout_basic, minitemple, ebering_ghost_rock_garden
Temple:   nicolae_temple_great_sept

Skill      XL: |  1  2  3  4  5  6  7  8 |
---------------+-------------------------+-----
Fighting       | 4 5 6 |  6.5
Axes           | 5 6 7 8 9 10 | 10.4
Dodging        | 3 |  3.9
Stealth        | 1 |  1.9

Action                     |  1- 3 |  4- 6 |  7- 9 || total
---------------------------+-------+-------+-------++-------
  Melee: Hand axe          |    40 |       |       ||    40
         War axe           |    30 |   115 |   108 ||   253
 Invoke: Line Pass         |       |     1 |       ||     1
         Stomp             |       |       |     1 ||     1
   Stab: Paralysed         |       |     2 |     2 ||     4
 Armour: Robe              |    31 |    63 |    72 ||   166
  Dodge: Dodged            |    56 |    72 |    85 ||   213
